 Dungeon Crawl Stone Soup version 0.27.1-34-g3ba077fa99 (webtiles) character file.

Game seed: 851046887349193235

65 Descartes the Grasshopper (level 4, -14/32 (33) HPs)
             Began as a Formicid Warper on Jan 22, 2022.
             Was a Follower of Uskayaw.
             Demolished by Crazy Yiuf (17 damage)
             ... on level 2 of the Dungeon.
             The game lasted 00:04:28 (2508 turns).

Descartes the Grasshopper (Formicid Warper)         Turns: 2508, Time: 00:04:29

HP:   -14/32 (33)   AC:  5    Str: 17    XL:     4   Next: 35%
MP:   7/7           EV: 10    Int: 12    God:    Uskayaw [*.....]
Gold: 34            SH:  3    Dex: 10    Spells: 7/7 levels left

rFire    . . .     SeeInvis +   l - +1 dagger (holy)
rCold    . . .     Faith    .   p - +0 buckler
rNeg     . . .     Spirit   .   n - +0 ring mail
rPois    .         Reflect  .   (helmet unavailable)
rElec    .         Harm     .   (no cloak)
rCorr    +         Rampage  .   (no gloves)
Will     .....                  (no boots)
Stlth    ..........             (no amulet)
HPRegen  0.10/turn              b - ring of resist corrosion
MPRegen  0.10/turn              (no ring)

@: lightly drained
A: permanent stasis, dig shafts and tunnels, antennae 3, four strong arms
a: Dig, Shaft Self, Renounce Religion, Stomp


You were on level 2 of the Dungeon.
You worshipped Uskayaw.
Uskayaw was noncommittal.
You visited 1 branch of the dungeon, and saw 2 of its levels.

You collected 34 gold pieces.

Inventory:

Hand Weapons
 a - a +0 mace
 l - a +1 dagger of holy wrath (weapon)
Missiles
 c - 4 boomerangs of dispersal (quivered)
 e - 111 stones
 h - 11 poisoned darts
Armour
 k - a scarf of harm
 n - a +0 ring mail (worn)
 p - a +0 buckler (worn)
Jewellery
 b - a ring of resist corrosion (left hand)
Scrolls
 d - 3 scrolls of enchant armour {unknown}
 g - a scroll of holy word {unknown}
 i - a scroll of fear {unknown}
 j - 2 scrolls of teleportation {unknown}
 o - a scroll of magic mapping {unknown}
Potions
 f - a potion of mutation {unknown}
 m - a potion of lignification {unknown}


   Skills:
 - Level 2.1 Fighting
 + Level 1.0 Short Blades
 - Level 2.0 Maces & Flails
 - Level 1.0 Throwing
 + Level 2.9 Armour
 - Level 1.7 Dodging
 + Level 0.0 Shields
 - Level 2.1 Spellcasting
 + Level 3.5 Translocations


You had 7 spell levels left.
You didn't know any spells.
Your spell library contained the following spells:

 Spells                   Type           Power      Damage    Failure   Level
 Gell's Gravitas          Tloc           4%         N/A       50%         3
 Lesser Beckoning         Tloc           4%         N/A       50%         3
 Teleport Other           Tloc           9%         N/A       50%         3
 Corona                   Hex            1%         N/A       63%         1
 Sting                    Tmut/Pois      4%         1d3       63%         1
 Ensorcelled Hibernation  Hex/Ice        2%         N/A       77%         2
 Poisonous Vapours        Pois/Air       2%         N/A       77%         2
 Tukima's Dance           Hex            1%         N/A       94%         3
 Manifold Assault         Tloc           9%         N/A       99%         5
 Olgreb's Toxic Radiance  Pois           1%         N/A       100%        4
 Blink                    Tloc           Unusable   N/A       N/A         2

Dungeon Overview and Level Annotations

Branches:
Dungeon (2/15)

Altars:
Uskayaw

Shops:
D:1 :

Annotations:
D:2 Crazy Yiuf


Innate Abilities, Weirdness & Mutations

You cannot be hasted, slowed, berserked, paralysed or teleported.
You can dig through walls and to a lower floor.
You have a pair of large antennae on your head. (SInv)
Your four strong arms can wield two-handed weapons with a shield.


Message History

Crazy Yiuf is lightly wounded.
You hit Crazy Yiuf.
Crazy Yiuf is lightly wounded.
Crazy Yiuf hits you with a +3 quarterstaff of chaos!
You are poisoned.
Crazy Yiuf hits you with a +3 quarterstaff of chaos!
Crazy Yiuf burns you.
You hit Crazy Yiuf but do no damage.
Crazy Yiuf is lightly wounded.
You feel very sick.
Crazy Yiuf hits you with a +3 quarterstaff of chaos.
You feel drained.
Your shield prevents you from hitting Crazy Yiuf.
Crazy Yiuf is lightly wounded.
You feel sick. Crazy Yiuf barely misses you.
You feel sick.
You feel sick.
You feel sick.
Crazy Yiuf says, "Hack poople down!"
You feel sick.
You feel sick.
You feel sick.
You are no longer poisoned.
Crazy Yiuf says, "Tonal!"
Throw: 5 boomerangs (disperse)
Press: ? - help, Q - select action, (/) - cycle Shift-Dir - straight line, f - Crazy Yiuf
Aim: Crazy Yiuf, wielding a +3 quarterstaff of chaos and wearing a +0 cloak (lightly wounded, 60% to hit)
You throw a boomerang of dispersal.
The boomerang of dispersal hits Crazy Yiuf.
Crazy Yiuf blinks!
Crazy Yiuf is heavily wounded.
You extend your mandibles.
You dig through the rock wall.
You can't dig through that.
Unknown command.
You hit Crazy Yiuf.
Crazy Yiuf is severely wounded.
Crazy Yiuf hits you with a +3 quarterstaff of chaos!
Ouch! That really hurt!
You die...

### ### #.# #.# #.#
#.# ######.######.##
###
♣♣##...........>...
#)..#♣♣
♣♣.....###.#########
#...'.♣♣♣♣......# #.#
#...#♣..♣......## #.#
### ♣♣♣.♣§.g.#####.##
♣♣♣♣♣@#...##..########
♣##.>.............
#### ###.###.########
##..# #.# #.#
##(#.#########.###.#
#.###........PPP.#.#
##.#.######P≈≈≈≈P..#
##..# #P≈≈≈≈≈P≈≈.#
#..# ##P≈P♣♣♣♣P.##


You could see Crazy Yiuf.

Vanquished Creatures
  3 adders (D:2)
  3 dart slugs (D:2)
  2 bats (D:1)
  2 endoplasms (D:1)
  3 giant cockroaches
  2 goblins
  4 hobgoblins
  2 quokkas
  4 kobolds
  6 rats
31 creatures vanquished.

Notes
Turn   | Place    | Note
-------+----------+-------------------------------------------
     0 | D:1      | Descartes the Formicid Warper began the quest for the Orb.
     0 | D:1      | Reached XP level 1. HP: 16/16 MP: 3/3
   299 | D:1      | Reached XP level 2. HP: 19/22 MP: 5/5
   398 | D:1      | Found a faded altar of an unknown god.
   405 | D:1      | Reached skill level 3 in Translocations
   408 | D:1      | Became a worshipper of Uskayaw the Reveller
   408 | D:1      | Reached * piety under Uskayaw
   469 | D:1      | Found Ybroel's Book Boutique.
   487 | D:1      | Reached ** piety under Uskayaw
   804 | D:2      | Reached XP level 3. HP: 14/27 MP: 6/6
  1229 | D:2      | Reached *** piety under Uskayaw
  1232 | D:2      | Reached **** piety under Uskayaw
  1451 | D:2      | Reached XP level 4. HP: 19/33 MP: 7/7
  1962 | D:2      | Reached skill level 1 in Short Blades
  2050 | D:2      | Found a runed translucent door.
  2051 | D:2      | Noticed Crazy Yiuf
  2508 | D:2      | Demolished by Crazy Yiuf

Illustrated notes

Levels and vault maps discovered:
D:1:      dpeg_arrival_short_road, layout_rooms, serial_shops, shop,
          dreamdust_ecumenical_altar_hidden_monk_grotto
D:2:      layout_loops_ring, serial_bayou, serial_bayou_shore_a,
          serial_bayou_pond_c, serial_bayou_pond_d, serial_bayou_pond_a,
          serial_bayou_pond_e, uniq_crazy_yiuf_cottage

Skill      XL: |  1  2  3  4 |
---------------+-------------+-----
Translocations | 3 |  3.5
Armour         | 2 |  2.9
Short Blades   | 1 |  1.0
Fighting       | |  2.1
Maces & Flails | |  2.0
Throwing       | |  1.0
Dodging        | |  1.7
Spellcasting   | |  2.1

Action                   |  1- 3 |  4- 6 || total
-------------------------+-------+-------++-------
Melee: Mace              |    50 |       ||    50
       Dagger            |    57 |    50 ||   107
Throw: Boomerang         |       |     1 ||     1
 Abil: Dig               |       |     1 ||     1
 Stab: Paralysed         |     1 |       ||     1
Armor: Leather armour    |    28 |       ||    28
       Ring mail         |     5 |    12 ||    17
Dodge: Dodged            |    53 |    21 ||    74
